 Dungeon Crawl Stone Soup version 0.19.0-19-g8c6edcc (webtiles) character file.

111165 magipi the Brawler (level 16, -1/158 HPs)
             Began as a Troll Hunter on Nov 6, 2016.
             Was an Elder of Fedhas.
             Killed from afar by a naga mage (18 damage)
             ... with an orb of energy
             ... on level 4 of the Snake Pit on Nov 13, 2016.
             The game lasted 02:52:49 (27984 turns).

magipi the Brawler (Troll Hunter)                  Turns: 27984, Time: 02:52:50

Health: -1/158     AC: 12    Str: 24    XL:     16   Next: 8%
Magic:  0/23       EV: 12    Int:  8    God:    Fedhas [****..]
Gold:   460        SH:  8    Dex: 14    Spells: 0 memorised, 15 levels left

rFire  + . .     SeeInvis .       - Unarmed
rCold  + . .     Gourm    +     H - +1 steam dragon scales
rNeg   . . .     Faith    .     k - +0 shield {rC+}
rPois  +         Spirit   +     (helmet restricted)
rElec  .         Reflect  .     B - +1 cloak
rCorr  .         Harm     .     (gloves unavailable)
MR     +....                    (boots unavailable)
Stlth  +.........               y - amulet of guardian spirit
                                p - ring of poison resistance
                                f - ring of protection from fire

@: lethally poisoned (-1 -> -1), very slightly contaminated
A: unfitting armour, claws 3, fast metabolism 3, gourmand, regeneration 1,
shaggy fur 1, tough skin 2, sturdy frame 1
a: Fungal Bloom, Evolution, Sunlight, Growth, Reproduction, Renounce Religion


You were on level 4 of the Snake Pit.
You worshipped Fedhas.
Fedhas was greatly pleased with you.
You were not hungry.

You visited 4 branches of the dungeon, and saw 25 of its levels.
You also visited: Sewer.

You collected 2345 gold pieces.
You spent 1885 gold pieces at shops.

Notes
Turn   | Place    | Note
-------+----------+-------------------------------------------
     0 | D:1      | magipi the Troll Hunter began the quest for the Orb.
     0 | D:1      | Reached XP level 1. HP: 19/19 MP: 0/0
   110 | D:1      | Reached skill level 1 in Unarmed Combat
   126 | D:1      | Reached XP level 2. HP: 27/27 MP: 1/1
   569 | D:2      | Found an ancient bone altar of Kikubaaqudgha.
   604 | D:2      | Reached skill level 2 in Unarmed Combat
   617 | D:2      | Reached XP level 3. HP: 33/33 MP: 2/2
   622 | D:2      | Found a blossoming altar of Fedhas.
   647 | D:2      | Became a worshipper of Fedhas Madash
   889 | D:3      | Noticed an ogre
   895 | D:3      | Killed an ogre
   895 | D:3      | Reached skill level 3 in Unarmed Combat
   895 | D:3      | Reached XP level 4. HP: 41/41 MP: 3/3
   895 | D:3      | Reached XP level 5. HP: 48/48 MP: 4/4
   910 | D:3      | Found a hazy altar of Hepliaklqana.
  1031 | D:3      | Reached * piety under Fedhas
  1126 | D:3      | Found a faded altar of an unknown god.
  1307 | D:3      | Found a bloodstained altar of Trog.
  1330 | D:3      | Reached skill level 4 in Unarmed Combat
  1389 | D:3      | Noticed an orc warrior
  1483 | D:2      | Killed an orc warrior
  1639 | D:3      | Reached XP level 6. HP: 55/55 MP: 5/5
  1757 | D:3      | Reached skill level 5 in Throwing
  1757 | D:3      | Reached skill level 5 in Unarmed Combat
  1918 | D:4      | Found Wami's Magic Scroll Emporium.
  1933 | D:4      | Bought a scroll of blinking for 90 gold pieces
  1933 | D:4      | Bought a scroll of identify for 24 gold pieces
  1933 | D:4      | Bought a scroll of teleportation for 36 gold pieces
  2288 | D:4      | Found a glowing drain.
  2379 | Sewer    | Entered a sewer
  2401 | Sewer    | Noticed Purgy
  2567 | D:4      | Noticed a water moccasin
  2703 | D:4      | Found a staircase to the Ecumenical Temple.
  2706 | D:4      | Found a burning altar of Makhleb.
  2894 | D:5      | Entered Level 5 of the Dungeon
  2912 | D:5      | Noticed an ice beast
  2915 | D:5      | Killed an ice beast
  2915 | D:5      | Reached skill level 6 in Unarmed Combat
  2915 | D:5      | Reached XP level 7. HP: 62/62 MP: 6/6
  3028 | D:5      | Reached ** piety under Fedhas
  3107 | D:5      | Found a shattered altar of Ashenzari.
  3111 | D:5      | Saw a vision of the Shoals and the Snake Pit.
  3111 | D:5      | Noticed a black mamba
  3111 | D:5      | Noticed a shock serpent
  3111 | D:5      | Noticed a black mamba
  3111 | D:5      | Noticed a naga mage
  3111 | D:5      | Noticed a black mamba
  3111 | D:5      | Noticed a naga mage
  3111 | D:5      | Noticed a merfolk
  3111 | D:5      | Noticed a sea snake
  3111 | D:5      | Noticed a merfolk
  3111 | D:5      | Noticed a merfolk
  3111 | D:5      | Noticed a merfolk
  3111 | D:5      | Noticed a merfolk
  3111 | D:5      | Noticed a siren
  3112 | D:5      | Noticed a merfolk
  3113 | D:5      | Noticed a merfolk
  3770 | D:5      | Noticed a steam dragon
  3785 | D:5      | HP: 3/62 [steam dragon (5)]
  3788 | D:5      | Killed a steam dragon
  3788 | D:5      | Reached skill level 7 in Unarmed Combat
  4001 | D:4      | Bought a scroll of enchant armour for 90 gold pieces
  4001 | D:4      | Bought a scroll of identify for 24 gold pieces
  4166 | D:6      | Reached XP level 8. HP: 50/70 MP: 7/7
  4305 | D:6      | Noticed Eustachio
  4398 | D:6      | Reached skill level 8 in Unarmed Combat
  4687 | D:6      | Found a sparkling altar of Nemelex Xobeh.
  4863 | D:6      | Reached skill level 9 in Unarmed Combat
  5591 | D:7      | Found a snail-covered altar of Cheibriados.
  5591 | D:7      | Found an opulent altar of Gozag.
  5720 | D:7      | Found a basalt altar of Yredelemnul.
  5899 | D:7      | Reached XP level 9. HP: 76/76 MP: 8/8
  6379 | D:8      | Reached skill level 10 in Unarmed Combat
  6525 | D:8      | Found a deep blue altar of Sif Muna.
  6694 | D:8      | Found a bloodstained altar of Trog.
  7009 | D:9      | Reached skill level 11 in Unarmed Combat
  7301 | D:9      | Found a staircase to the Orcish Mines.
  7418 | D:9      | Noticed a troll
  7424 | D:9      | Killed a troll
  7512 | D:9      | Reached XP level 10. HP: 82/92 MP: 9/9
  7803 | D:10     | Entered Level 10 of the Dungeon
  7838 | D:10     | Noticed Urug
  7962 | D:10     | Found a staircase to the Lair.
  7963 | D:10     | Noticed an elephant
  8034 | D:10     | Killed Urug
  8034 | D:10     | Reached skill level 12 in Unarmed Combat
  8048 | D:10     | Noticed Joseph
  8076 | D:10     | Killed Joseph
  8143 | D:10     | Reached skill level 5 in Fighting
  8286 | D:10     | Killed an elephant
  8602 | Lair:1   | Entered Level 1 of the Lair of Beasts
  8889 | Lair:1   | Noticed a spiny frog
  8897 | Lair:1   | Killed a spiny frog
  9035 | Lair:1   | Noticed a six-headed hydra
  9043 | Lair:1   | Killed a six-headed hydra
  9072 | Lair:1   | Reached XP level 11. HP: 99/107 MP: 10/10
  9356 | Lair:1   | Reached skill level 5 in Dodging
  9500 | Lair:2   | Noticed Erica
  9625 | Lair:2   | Killed Erica
  9907 | Lair:2   | Found a staircase to the Snake Pit.
 10129 | Lair:3   | Noticed an oklob plant
 10165 | Lair:3   | Noticed a six-headed hydra
 10172 | Lair:3   | Killed a six-headed hydra
 10416 | Lair:3   | Found a staircase to the Shoals.
 10935 | Lair:4   | Found an opulent altar of Gozag.
 11018 | Lair:4   | Reached XP level 12. HP: 92/122 MP: 11/11
 11649 | Lair:5   | Reached skill level 1 in Evocations
 11815 | Lair:5   | Noticed a death yak
 11815 | Lair:5   | Noticed a death yak
 11822 | Lair:5   | Noticed a death yak
 11831 | Lair:5   | Noticed a death yak
 11833 | Lair:5   | Noticed a death yak
 11837 | Lair:5   | Killed a death yak
 11840 | Lair:5   | Killed a death yak
 11847 | Lair:5   | Killed a death yak
 11850 | Lair:5   | Killed a death yak
 11857 | Lair:5   | Killed a death yak
 11979 | Lair:5   | Reached skill level 5 in Evocations
 12230 | Lair:6   | Entered Level 6 of the Lair of Beasts
 12230 | Lair:6   | Found a staircase to the Slime Pits.
 12783 | Lair:6   | Reached XP level 13. HP: 131/131 MP: 17/17
 13044 | Lair:6   | Reached *** piety under Fedhas
 13319 | Lair:6   | Got a brightly glowing marble ring
 13322 | Lair:6   | Identified the ring of Menanoratu {rN+ MP+9 Str+2 Dex+3 Slay-4} (You found it on level 6 of the Lair of Beasts)
 13869 | Orc:1    | Entered Level 1 of the Orcish Mines
 14080 | Orc:2    | Entered Level 2 of the Orcish Mines
 14080 | Orc:2    | Noticed an ettin
 14088 | Orc:2    | Killed an ettin
 14511 | Orc:1    | Found a roughly hewn altar of Beogh.
 14520 | Orc:1    | Reached **** piety under Fedhas
 14548 | Orc:1    | Found a roughly hewn altar of Beogh.
 14597 | Orc:2    | Found a staircase to the Elven Halls.
 14923 | Orc:1    | Noticed Maurice
 14923 | Orc:1    | Noticed Erolcha
 14923 | Orc:1    | Noticed a stone giant
 14939 | Orc:2    | Killed Maurice
 15546 | Orc:2    | Found Panarah's General Store.
 15546 | Orc:2    | Found Xobaemum's General Store.
 15548 | Orc:2    | Found Isilol's Food Shoppe.
 15567 | Orc:2    | Reached skill level 10 in Evocations
 16107 | Orc:2    | Found Syqevoj's Assorted Antiques.
 16118 | Orc:2    | Bought a scroll of identify for 32 gold pieces
 16118 | Orc:2    | Bought a scroll of summoning for 152 gold pieces
 16120 | Orc:2    | Bought a moonstone ring for 165 gold pieces
 16120 | Orc:2    | Bought a glowing silver wand for 132 gold pieces
 16120 | Orc:2    | Bought a potion of haste for 330 gold pieces
 16509 | D:11     | Upgraded the game from 0.19.0-2-gae57169 to 0.19.0-9-gfd783f2
 16718 | D:11     | Reached skill level 1 in Armour
 16723 | D:11     | Noticed Josephine
 16740 | D:11     | Killed Josephine
 16940 | D:11     | Found a viscous altar of Jiyva.
 17536 | D:6      | Killed Eustachio
 17706 | D:4      | Bought a scroll of enchant armour for 90 gold pieces
 18343 | D:12     | Reached XP level 14. HP: 62/140 MP: 21/21
 19769 | D:13     | Found a deep blue altar of Sif Muna.
 19890 | D:13     | Reached skill level 1 in Invocations
 20170 | D:13     | Found a gate to the Vaults.
 20523 | Snake:1  | Entered Level 1 of the Snake Pit
 20629 | Snake:1  | Found Wouroym's Jewellery Emporium.
 20630 | Snake:1  | Found Quutos's Gadget Boutique.
 20631 | Snake:1  | Found Aniyzxeh's Jewellery Emporium.
 20637 | Snake:1  | Bought an uncursed amulet of guardian spirit for 480 gold pieces
 20637 | Snake:1  | Bought an uncursed ring of see invisible for 240 gold pieces
 21041 | Snake:1  | Reached skill level 13 in Unarmed Combat
 21264 | Snake:1  | Reached ***** piety under Fedhas
 21651 | Snake:2  | Noticed a nagaraja
 22204 | Snake:1  | Reached skill level 5 in Invocations
 23311 | Snake:2  | Reached skill level 14 in Unarmed Combat
 23585 | Snake:2  | Killed a nagaraja
 23615 | Snake:2  | Gained mutation: Your movements are slightly less encumbered by armour. (ER -2) [potion of beneficial mutation]
 23750 | Snake:2  | Reached XP level 15. HP: 148/148 MP: 22/22
 24758 | Snake:2  | Reached skill level 10 in Fighting
 25622 | Snake:3  | Upgraded the game from 0.19.0-9-gfd783f2 to 0.19.0-11-g3fc08b3
 25718 | Snake:3  | Noticed GhostOfComunism's ghost (adept GrFi)
 25740 | Snake:3  | Killed GhostOfComunism's ghost
 25785 | Snake:3  | Reached skill level 15 in Unarmed Combat
 26389 | Snake:4  | Entered Level 4 of the Snake Pit
 26881 | Snake:4  | Noticed a nagaraja
 26899 | Snake:4  | Killed a nagaraja
 27103 | Snake:4  | Upgraded the game from 0.19.0-11-g3fc08b3 to 0.19.0-19-g8c6edcc
 27118 | Snake:4  | Reached skill level 5 in Armour
 27242 | Snake:4  | Noticed Louise
 27280 | Snake:4  | Killed Louise
 27342 | Snake:4  | Noticed a nagaraja
 27360 | Snake:4  | Killed a nagaraja
 27360 | Snake:4  | Reached XP level 16. HP: 115/158 MP: 15/23
 27901 | Snake:4  | Reached skill level 1 in Shields
 27984 | Snake:4  | Killed from afar by a naga mage

Inventory:

Missiles
 d - 4 throwing nets
 v - 2 poisoned javelins
 X - 19 large rocks (quivered)
Armour
 k - a +0 shield of cold resistance (worn)
 B - a +1 cloak (worn)
 H - +1 steam dragon scales (worn)
Jewellery
 c - an uncursed ring of protection from cold
 f - a ring of protection from fire (left claw)
 i - an uncursed ring of see invisible
 m - an uncursed ring of protection from magic
 p - a ring of poison resistance (right claw)
 r - an uncursed ring of protection from fire
 y - an amulet of guardian spirit (around neck)
 N - an uncursed ring of flight
 P - an uncursed ring of protection from magic
 W - an uncursed ring of resist corrosion
Wands
 l - a wand of lightning (9/15)
 t - a wand of digging (16/24)
 u - a wand of lightning (1/15)
 E - a wand of teleportation (3/9)
 G - a wand of iceblast (1/15)
 I - a wand of acid (2/15)
 Q - a wand of iceblast (0/15)
 S - a wand of polymorph (7/24)
 T - a wand of lightning (3/15)
 V - a wand of disintegration (17/24)
 Y - a wand of paralysis (14/24)
Scrolls
 a - 8 scrolls of identify
 j - a scroll of vulnerability
 n - 17 scrolls of remove curse
 o - 3 scrolls of recharging
 x - 2 scrolls of blinking
 A - a scroll of summoning
 D - a scroll of fog
 U - a scroll of magic mapping
Potions
 e - 5 potions of magic
 g - 7 potions of cancellation
 z - 3 potions of flight
 F - a potion of lignification
 K - a potion of invisibility
 O - 5 potions of haste
 R - 4 potions of agility
 Z - 9 potions of curing
Comestibles
 h - 8 fruits
 q - 10 meat rations
 C - 10 bread rations
 L - 5 royal jellies


   Skills:
 - Level 10.0 Fighting
 - Level 9.5 Throwing
 - Level 5.6 Armour
 - Level 8.9 Dodging
 - Level 0.3 Stealth
 + Level 1.8 Shields
 - Level 15.3 Unarmed Combat
 - Level 6.1 Invocations
 - Level 11.0 Evocations


You had 15 spell levels left.
You didn't know any spells.

Dungeon Overview and Level Annotations

Branches:
Dungeon (13/15)            Temple (0/1) D:4            Lair (6/6) D:10
 Shoals (0/4) Lair:3        Snake (4/4) Lair:2        Slime (0/5) Lair:6
    Orc (2/2) D:9             Elf (0/3) Orc:2        Vaults (0/5) D:13

Altars:
Ashenzari
Cheibriados
Fedhas
Gozag
Hepliaklqana
Kikubaaqudgha
Makhleb
Nemelex Xobeh
Sif Muna
Trog
Yredelemnul
Beogh
Jiyva

Shops:
D:4 ?   Orc:2 %***   Snake:1 ==}

Annotations:
Orc:1 Erolcha


Innate Abilities, Weirdness & Mutations

You are too large for most types of armour.
You have claws for hands.
Your metabolism is lightning-fast.
You like to eat raw meat.
Your natural rate of healing is unusually fast.
You are covered in fur. (AC +1)
You have very tough skin. (AC +2)
Your movements are slightly less encumbered by armour. (ER -2)

Vault maps used:
D:1:      tarquinn_simple_flora_water_b
D:2:      fedhas_altar_2, kiku_gazebo_pond_becter
D:3:      lemuel_crystal_altar, first_bread, ecumenical_altar_2,
          minmay_misc_feat_diagonals, trog_butcher_becter
D:4:      kennysheep_mini, portal_sewer_entry_e, serial_shops, shop,
          kennysheep_small_square
D:5:      kennysheep_steamy, grunt_decor_cap, grunt_ashenzari_visionary
D:6:      nemelex_altar_shiori, uniq_eustachio
D:7:      gammafunk_temple_overflow_statue, yredelemnul_altar_generic
D:8:      trog_ov_bears_minmay, lemuel_crystal_altar
D:9:      david_orc_4
D:10:     david_lair_generic, uniq_urug, uniq_joseph
D:11:     hangedman_little_slice_of_home, uniq_josephine
D:13:     erik_vaults_1, basic_altar
Lair:1:   serial_bayou_pond_d, grunt_megastairs_2
Lair:2:   dummy_snake_entry, uniq_erica
Lair:3:   minmay_shoals_entry_beasts, minmay_lair_oklob_bushes
Lair:4:   basic_altar, nicolae_quartered_pool_medium, serial_bayou_shore_b,
          grunt_megastairs_4
Lair:5:   nicolae_quartered_pool_little
Lair:6:   hangedman_lair_caniforms_friends, slime_dummy, wad_woods_06,
          small_statue_intersection, serial_bayou_shore_b
Snake:1:  onia_ninara_swampy_vault, minmay_shop_grove
Snake:4:  minmay_snake_end_coiled, grunt_ministairs_13, stair_cage_wide,
          spider_trap, uniq_louise
Orc:1:    basic_altar, mines2_david, uniq_maurice, uniq_fannar, uniq_erolcha
Orc:2:    st_orc_rangers
Sewer:    kennysheep_door_sewer


Message History

The nagaraja mumbles some strange words.
The nagaraja gestures at you while chanting.
You feel strangely unstable.
You feel sick.
The nagaraja gestures at you while chanting.
The orb of energy hits you!
* * * LOW HITPOINT WARNING * * *
The nagaraja spits poison at you. The splash of poison hits you! You resist.
* * * LOW HITPOINT WARNING * * *
Your surroundings suddenly seem different.
You feel sick.
The naga sharpshooter unwields an uncursed glowing scimitar.
The naga sharpshooter wields an uncursed arbalest.
A naga sharpshooter comes into view. It is wielding an arbalest.
The naga sharpshooter casts a spell.
The naga sharpshooter magically shoots a bolt.
The bolt hits you but does no damage.
You see here 2 bolts.
Unknown command.
Found 15 stones.
You feel sick.
You feel sick.
You feel sick.
The naga sharpshooter gestures wildly while chanting.
The naga sharpshooter magically shoots a bolt.
You block the bolt.
You see here 2 bolts.
The naga sharpshooter shoots a bolt.
You block the bolt.
You see here a bolt.
The naga sharpshooter shouts!
The naga sharpshooter spits poison at you.
The splash of poison hits you!
You are more poisoned.
You resist.
The naga sharpshooter unwields an uncursed scimitar.
The naga sharpshooter wields an uncursed arbalest.
The naga sharpshooter mumbles some strange words.
The naga sharpshooter magically shoots a bolt.
The bolt hits you!!
* * * LOW HITPOINT WARNING * * *
You see here 2 bolts.
Blink to where?
Press: ? - help, Dir - move target cursor You are very lightly contaminated with residual magic.
As you read the scroll of blinking, it crumbles to dust.
You feel sick.
You feel sick.
A naga comes into view. It is wielding a mace.
You feel sick.
Unknown command.
The naga moves out of view.
Found 14 sling bullets.
You feel sick.
You feel sick.
You feel sick.
The naga shouts!
You feel sick.
A naga comes into view. It is wielding a hand axe.
The naga shouts!
A naga comes into view.
It is wielding a battleaxe of electrocution.
The naga shouts!
You scratch the naga.
The naga is lightly wounded.
Unknown command.
You closely miss the naga.
The naga is lightly wounded.
You feel sick. The naga spits poison at you. You block the splash of poison.
You mangle the naga!!
The naga is almost dead.
A naga comes into view. It is wielding a war axe.
The naga shouts!
You scratch the naga.
You kill the naga!
Unknown command.
The naga spits poison at you. The splash of poison hits you! You resist.
As you read the scroll of teleportation, it crumbles to dust.
You feel strangely unstable.
You feel sick.
Your surroundings suddenly seem different.
The naga mage shouts!
The naga sharpshooter gestures wildly while chanting.
The naga sharpshooter magically shoots a bolt.
The bolt hits you!
* * * LOW HITPOINT WARNING * * *
You see here a bolt.
The naga sharpshooter mumbles some strange words.
The naga sharpshooter magically shoots a bolt.
The bolt hits you!
* * * LOW HITPOINT WARNING * * *
You see here 2 bolts.
Okay, then.
Unknown command.
You feel sick.
The naga mage gestures at you while chanting.
The orb of energy hits you!
You die...
Fedhas appreciates your contribution to the ecosystem.

##....## #. #......# #. #(.....#
#) #(.....# ######## #.
#####(.....#####......### #)
###........................#####)
........................N..N...).
..............((.........N.......
................@...............#
...#####......######......#######
#### #.N.N..# ######## # #......#
# #......# #### #......#
...#####......# ......N........
......#........ #


You could see a naga sharpshooter and a naga mage.

Vanquished Creatures
  3 nagarajas
  Louise (Snake:4)
  The ghost of GhostOfComunism the Tortoise, an adept GrFi of Hepliaklqana (Snake:3)
  An ettin (Orc:2)
  Josephine (D:11)
  14 naga warriors
  4 hydras
  A centaur warrior (D:13)
  2 dancing weapons (D:13)
  Erica (Lair:2)
  10 anacondas
  4 death yaks (Lair:5)
  9 naga sharpshooters
  2 shock serpents
  Urug (D:10)
  A salamander mystic (Snake:1)
  4 naga ritualists
  A swamp dragon (Snake:1)
  3 mana vipers
  A wandering mushroom (Snake:2)
  3 orc knights (Orc:2)
  A deep elf mage (D:12)
  3 ugly things
  A cyclops (D:13)
  10 salamanders
  Maurice (Orc:2)
  3 manticores
  Joseph (D:10)
  5 elephants
  5 guardian serpents
  17 naga magi
  19 black mambas
  A torpor snail (Lair:6)
  7 spiny frogs
  A gargoyle (D:13)
  A rime drake (Lair:5)
  8 komodo dragons
  2 meliai (D:13)
  3 trolls
  8 polar bears
  A hornet (D:8)
  4 blink frogs (Lair:3)
  2 two-headed ogres
  7 hippogriffs
  2 raiju (Lair:6)
  9 dream sheep (Lair:6)
  11 slime creatures
  17 yaks
  4 wraiths (D:11)
  A wyvern (D:8)
  Eustachio (D:6)
  A tarantella (shapeshifter) (D:13)
  4 basilisks
  3 hungry ghosts
  2 steam dragons
  4 vampire mosquitoes
  62 nagas
  2 soldier ants (D:12)
  A soldier ant (shapeshifter) (D:13)
  6 wargs
  13 water moccasins
  8 porcupines
  7 hell hounds (Lair:6)
  28 orc warriors
  4 sky beasts
  A swamp drake (Snake:1)
  4 ice beasts
  13 black bears
  7 ogres
  A hornet zombie (D:9)
  2 phantoms
  22 wolves
  8 centaurs
  A big kobold (D:9)
  14 bullfrogs
  8 crocodiles
  5 scorpions
  A wyvern skeleton (D:10)
  11 wights
  6 killer bees
  4 howler monkeys
  8 crimson imps
  2 bullfrog zombies
  3 quasits
  6 jellies
  2 centaur skeletons
  3 bullfrog skeletons
  9 orc priests
  17 hounds
  12 orc wizards
  4 iguanas
  9 worker ants
  7 gnolls
  2 river rats (D:4)
  10 adders
  3 shadow imps
  7 oozes
  2 adder zombies
  A worm (D:2)
  4 leopard geckos
  53 orcs
  4 giant cockroaches
  4 goblins
  3 hobgoblins
  12 jackals
  10 kobolds
  6 quokkas
  5 ball pythons
  7 bats
  7 frilled lizards
  A giant cockroach zombie (D:6)
  2 quokka skeletons (D:5)
  11 rats
  A toadstool (Snake:2)
714 creatures vanquished.

Vanquished Creatures (collateral kills)
  A naga warrior (Snake:4)
  A hydra (Lair:3)
  A death yak (Lair:5)
  An ugly thing (D:13)
  A mana viper (Snake:3)
  2 salamanders
  A black mamba (Lair:6)
  2 elephants
  2 naga magi
  2 spiny frogs
  A komodo dragon (Lair:1)
  A meliai (D:13)
  A polar bear (Lair:6)
  2 dream sheep (Lair:6)
  A slime creature (D:12)
  2 wyverns
  5 yaks
  A hungry ghost (D:13)
  6 nagas
  A hell hound (Lair:6)
  A water moccasin (Lair:4)
  An ice beast (D:9)
  An orc warrior (Orc:1)
  3 black bears
  2 ogres
  7 wolves
  A crocodile (Lair:4)
  A howler monkey (D:11)
  2 hounds
  An orc wizard (D:13)
  An adder (D:8)
  An ooze (D:11)
  6 orcs
  A kobold (D:9)
64 creatures vanquished.

Vanquished Creatures (others)
  A salamander (Snake:2)
  A black mamba (Snake:4)
  A centaur (Orc:2)
  An orc wizard (Orc:2)
  An orc (Orc:2)
  43 wandering mushrooms
  A bush (Lair:6)
  7 fungi
  15 plants
  537 toadstools
608 creatures vanquished.

Grand Total: 1386 creatures vanquished

Action                   |  1- 3 |  4- 6 |  7- 9 | 10-12 | 13-15 | 16-18 || total
-------------------------+-------+-------+-------+-------+-------+-------++-------
Melee: Unarmed           |    95 |   163 |   266 |   452 |  1475 |    65 ||  2516
       Punch             |       |     3 |    16 |    23 |   115 |     2 ||   159
Throw: Large rock        |     2 |     7 |    16 |    26 |    76 |       ||   127
Invok: Fungal Bloom      |     4 |     9 |     8 |    30 |    78 |     3 ||   132
       Evolution         |       |       |     2 |    16 |    27 |       ||    45
Evoke: Wand              |       |     2 |       |     3 |    20 |     2 ||    27
  Use: Scroll            |       |    11 |     7 |     6 |    16 |     5 ||    45
       Potion            |       |     2 |     5 |     1 |    10 |     2 ||    20
 Stab: Sleeping          |       |     4 |     4 |       |       |       ||     8
       Distracted        |       |     1 |       |     1 |     1 |       ||     3
       Confused          |       |       |     2 |     7 |    16 |       ||    25
       Paralysed         |       |       |       |     2 |     4 |       ||     6
  Eat: Chunk             |    13 |    12 |    39 |    48 |    97 |       ||   209
       Pizza             |       |       |     1 |       |     3 |       ||     4
       Bread ration      |       |       |     1 |       |       |       ||     1
       Beef jerky        |       |       |       |     2 |     2 |       ||     4
       Royal jelly       |       |       |       |       |    15 |     3 ||    18
Armor: Robe              |    57 |    41 |    35 |       |       |       ||   133
       Steam dragon scal |       |       |    46 |   137 |   409 |    22 ||   614
Dodge: Dodged            |    60 |    77 |   109 |   237 |   943 |    30 ||  1456
Block: Shield            |       |       |       |       |       |    20 ||    20

Action                   |  1- 3 |  4- 6 |  7- 9 | 10-12 | 13-15 | 16-18 || total
-------------------------+-------+-------+-------+-------+-------+-------++-------
Melee: Unarmed           |    95 |   163 |   266 |   452 |  1475 |    65 ||  2516
       Punch             |       |     3 |    16 |    23 |   115 |     2 ||   159
Throw: Large rock        |     2 |     7 |    16 |    26 |    76 |       ||   127
Invok: Fungal Bloom      |     4 |     9 |     8 |    30 |    78 |     3 ||   132
       Evolution         |       |       |     2 |    16 |    27 |       ||    45
Evoke: Wand              |       |     2 |       |     3 |    20 |     2 ||    27
  Use: Scroll            |       |    11 |     7 |     6 |    16 |     5 ||    45
       Potion            |       |     2 |     5 |     1 |    10 |     2 ||    20
 Stab: Sleeping          |       |     4 |     4 |       |       |       ||     8
       Distracted        |       |     1 |       |     1 |     1 |       ||     3
       Confused          |       |       |     2 |     7 |    16 |       ||    25
       Paralysed         |       |       |       |     2 |     4 |       ||     6
  Eat: Chunk             |    13 |    12 |    39 |    48 |    97 |       ||   209
       Pizza             |       |       |     1 |       |     3 |       ||     4
       Bread ration      |       |       |     1 |       |       |       ||     1
       Beef jerky        |       |       |       |     2 |     2 |       ||     4
       Royal jelly       |       |       |       |       |    15 |     3 ||    18
Armor: Robe              |    57 |    41 |    35 |       |       |       ||   133
       Steam dragon scal |       |       |    46 |   137 |   409 |    22 ||   614
Dodge: Dodged            |    60 |    77 |   109 |   237 |   943 |    30 ||  1456
Block: Shield            |       |       |       |       |       |    20 ||    20
